 Dungeon Crawl Stone Soup version 0.29-a0-214-g17f627cfee (webtiles) character file.

Game seed: 2280305319353340120

25 sammy202020 the Skirmisher (level 2, -7/36 HPs)
             Began as a Demonspawn Berserker on Feb 25, 2022.
             Was a Follower of Trog.
             Mangled by a gnoll
             ... wielding a +0 halberd
              (9 damage)
             ... on level 2 of the Dungeon.
             The game lasted 00:03:55 (1522 turns).

sammy202020 the Skirmisher (Demonspawn Berserker)   Turns: 1522, Time: 00:03:55

Health: -7/36      AC:  5    Str: 17    XL:     2   Next: 82%
Magic:  2/2        EV: 11    Int:  8    God:    Trog [*.....]
Gold:   51         SH:  0    Dex: 12    Spells: 1/1 levels left

rFire   . . .      SeeInvis .   a - +0 spear
rCold   . . .      Faith    .   (no shield)
rNeg    . . .      Spirit   .   d - +0 ring mail
rPois   .          Reflect  .   (helmet restricted)
rElec   .          Harm     .   (no cloak)
rCorr   .          Rampage  .   (no gloves)
Will    .....                   (no boots)
Stlth   ..........              (no amulet)
HPRegen 0.12/turn               (no ring)
MPRegen 0.08/turn               (no ring)

@: berserking, very quick
A: antennae 1
a: Renounce Religion, Berserk


You were on level 2 of the Dungeon.
You worshipped Trog.
Trog was aware of your devotion.
You visited 1 branch of the dungeon, and saw 2 of its levels.

You collected 51 gold pieces.

Inventory:

Hand Weapons
 a - a +0 spear (weapon)
Armour
 d - a +0 ring mail (worn)
Scrolls
 b - a scroll of teleportation
Potions
 c - a potion of mutation {unknown}


   Skills:
 + Level 3.2 Fighting
 + Level 3.0 Polearms
 + Level 2.1 Armour
 + Level 2.1 Dodging


You had one spell level left.
You didn't know any spells.
Your spell library was empty.

Dungeon Overview and Level Annotations

Branches:
Dungeon (2/15)

Altars:


Innate Abilities, Weirdness & Mutations

You have a pair of small antennae on your head.


Message History

Your hearing returns.
You see here 6 poisoned darts.
There is a stone staircase leading down here.
You climb downwards.
There is a stone staircase leading up here.
You now have 51 gold pieces (gained 12). 2 gnolls come into view.
Found a scroll labelled ROKEVE MENNU.
Found a stone staircase leading down.
The gnoll shouts! x2; You hear a shout!
A quokka comes into view.
You hear a shout!
You reach to attack!
You closely miss the gnoll. The gnoll barely misses you.
You reach to attack!
You hit the gnoll but do no damage. The gnoll barely misses you.
You reach to attack!
You barely miss the gnoll. The gnoll closely misses you.
You reach to attack!
You barely miss the gnoll.
The gnoll hits you from afar with a +0 halberd.
A gnoll comes into view. It is wielding a +0 spear.
You reach to attack!
You hit the gnoll.
The gnoll is lightly wounded.
The gnoll closely misses you.
You reach to attack!
You hit the gnoll.
The gnoll is heavily wounded.
The gnoll hits you but does no damage.
You reach to attack!
You hit the gnoll but do no damage.
The gnoll is heavily wounded.
The gnoll hits you from afar with a +0 halberd!
You are too injured to fight recklessly!
You are too injured to fight recklessly!
A red film seems to cover your vision as you go berserk!
You feel yourself moving faster!
You feel mighty!
The gnoll hits you from afar with a +0 halberd!
* * * LOW HITPOINT WARNING * * *
You are too injured to fight recklessly!
You are too injured to fight recklessly!
You are too injured to fight recklessly!
You are too injured to fight recklessly!
You feel a strong urge to attack something.
The gnoll hits you with a +0 halberd!
You die... .#. ..## ..#≈ # #.. ... # #rg

##...#. #g# #......#
#g# #.... ..# #@# .
#.....
#.#######.###....
#.....###............#
.......#.#######.#####
#. #.## #... #. ##.##
##### #.##...#
#.#.###.# #.<.# .#


You could see 3 gnolls and a quokka.

Vanquished Creatures
  A dart slug (D:1)
  A ball python (D:1)
  2 endoplasms (D:1)
  A goblin (D:1)
  3 hobgoblins (D:1)
  2 quokkas (D:1)
  3 bats (D:1)
  A frilled lizard (D:1)
  5 kobolds (D:1)
  2 rats (D:1)
21 creatures vanquished.

Notes
Turn   | Place    | Note
-------+----------+-------------------------------------------
     0 | D:1      | sammy202020 the Demonspawn Berserker began the quest for
                  | the Orb.
     0 | D:1      | Reached XP level 1. HP: 18/18 MP: 1/1
  1136 | D:1      | Gained mutation: You have a pair of small antennae on your
                  | head. [demonic ancestry]
  1136 | D:1      | Reached XP level 2. HP: 18/24 MP: 2/2
  1522 | D:2      | Mangled by a gnoll

Illustrated notes

Levels and vault maps discovered:
D:1:      minmay_arrival_radiant_lines, layout_rooms
D:2:      layout_loops_ring, grunt_decor_junction, uniq_terence

Skill      XL: |  1  2 |
---------------+-------+-----
Dodging        | 2 |  2.1
Armour         | 2 |  2.1
Polearms       | 3 |  3.0
Fighting       | |  3.2

Action                   || total
-------------------------++-------
Melee: Spear             ||    79
       Punch             ||     1
Invok: Berserk           ||     2
  Use: Scroll            ||     2
Armor: Ring mail         ||    19
       Animal skin       ||     9
Dodge: Dodged            ||    59

Table legend: (Time is in decaauts)
 A = Elapsed time spent in this place.
 B = Non-inter-level travel time spent in this place.
 C = Inter-level travel time spent in this place.
 D = Time resting spent in this place.
 E = Time spent auto-exploring this place.
 F = Levels seen in this place.
 G = Mean time per level.
                   A        B        C        D        E       F      G
               +--------+--------+--------+--------+--------+-----+--------+
         Total |   1526 |   1475 |     51 |    869 |    373 |   2 |  763.0 |
       Dungeon |   1526 |   1475 |     51 |    869 |    373 |   2 |  763.0 |
               +--------+--------+--------+--------+--------+-----+--------+

Top non-repeatable levels by time:
     D:1: 1500 daAuts
     D:2: 25 daAuts
